 Dungeon Crawl Stone Soup version 0.29-a0-369-gd956c00756 (webtiles) character file.

Game seed: 18228521308101108233

167422 holysushi the Acrobat (level 18, 0/124 HPs)
             Began as a Kobold Monk on May 1, 2022.
             Was the Champion of Dithmenos.
             Slain by a merfolk impaler
             ... wielding a +2 demon trident of venom
              (10 damage)
             ... on level 1 of the Shoals.
             The game lasted 01:08:46 (38474 turns).

holysushi the Acrobat (Kobold Monk)                Turns: 38474, Time: 01:08:46

Health: 0/124      AC: 16    Str:  9    XL:     18   Next: 55%
Magic:  22/22      EV: 39    Int: 11    God:    Dithmenos [******]
Gold:   839        SH:  0    Dex: 25    Spells: 17/17 levels left

rFire   . . .      SeeInvis +   V - +3 rapier
rCold   . . .      Faith    .   p - orb {*Rage}
rNeg    . . .      Spirit   .   F - +3 leather armour {Will+}
rPois   .          Reflect  .   S - +2 helmet {SInv}
rElec   .          Harm     .   e - +0 cloak
rCorr   .          Rampage  .   (no gloves)
Will    ++...      Rage     20% T - +1 pair of boots {Fly} Stlth ********++
                                q - amulet of regeneration
HPRegen 1.10/turn               l - +4 ring of protection
MPRegen 0.18/turn               v - +4 ring of evasion

@: marked, spiked, on berserk cooldown, flying, slowed, wreathed by umbra,
studying Long Blades, very slow
A: small, no large weapons, nightstalker 3
a: Renounce Religion, Shadow Step, Shadow Form


You were on level 1 of the Shoals.
You worshipped Dithmenos.
Dithmenos was exalted by your worship.
You visited 6 branches of the dungeon, and saw 24 of its levels.
You also visited: Ice Cave.

You collected 2624 gold pieces.
You spent 1785 gold pieces at shops.

Inventory:

Hand Weapons
 E - a +3 antimagic dagger
 G - a +1 short sword of draining
 V - a +3 rapier (weapon)
Armour
 e - a +0 cloak (worn)
 p - an orb of wrath (worn)
 x - a +1 troll leather armour {Snorg}
 F - a +3 leather armour of willpower (worn)
 S - a +2 helmet of see invisible (worn)
 T - a +1 pair of boots of flying (worn)
Jewellery
 l - a +4 ring of protection (left hand)
 q - an amulet of regeneration (around neck)
 s - a ring of willpower
 v - a +4 ring of evasion (right hand)
 H - the amulet "Loawev" {Acrobat rElec Str+2}
   (You found it in an ice cave)

   [amulet of the acrobat]

   It increases your evasion while moving and waiting.
   Str:       It affects your strength (+2).
   rElec:     It insulates you from electricity.
 K - a ring of poison resistance
 L - a ring of protection from fire
 O - a ring of resist corrosion
 Q - a ring of protection from cold
Wands
 o - a wand of mindburst (4)
 A - a wand of flame (14)
 D - a wand of polymorph (16)
 J - a wand of iceblast (13)
 M - a wand of acid (2)
Scrolls
 a - 2 scrolls of brand weapon
 b - 9 scrolls of identify
 i - a scroll of holy word
 j - a scroll of summoning
 n - 3 scrolls of magic mapping
 r - 6 scrolls of fog
 t - 4 scrolls of vulnerability
 y - a scroll of immolation
 B - a scroll of enchant armour
 P - 2 scrolls of blinking
 R - a scroll of teleportation
Potions
 c - 9 potions of ambrosia
 f - 5 potions of lignification
 g - 4 potions of might
 h - 2 potions of curing
 k - 2 potions of mutation
 z - a potion of haste
 C - 4 potions of brilliance
 I - a potion of berserk rage
 N - a potion of cancellation
 U - a potion of attraction
 W - a potion of invisibility
Miscellaneous
 d - a lightning rod (4/4)
 m - a phantom mirror
 u - a box of beasts
 w - a piece from Xom's chessboard (15/15)


   Skills:
 + Level 17.5 Fighting
 - Level 15.0 Short Blades
 - Level 21.8 Dodging
 - Level 21.6 Stealth
 + Level 5.5 Invocations
 + Level 8.3 Evocations


You had 17 spell levels left.
You didn't know any spells.
Your spell library contained the following spells:

 Spells                   Type           Power      Damage    Failure   Level
 Animate Skeleton         Necr           0%         N/A       45%         1
 Apportation              Tloc           0%         N/A       45%         1
 Beastly Appendage        Tmut           0%         N/A       45%         1
 Foxfire                  Conj/Fire      0%         2x1d4     45%         1
 Freeze                   Ice            0%         1d3       45%         1
 Summon Small Mammal      Summ           0%         N/A       45%         1
 Call Imp                 Summ           0%         N/A       58%         2
 Sublimation of Blood     Necr           0%         N/A       58%         2
 Wereblood                Tmut           0%         N/A       58%         2
 Call Canine Familiar     Summ           0%         N/A       83%         3
 Conjure Flame            Conj/Fire      0%         6-21      83%         3
 Frozen Ramparts          Ice            0%         1d2       83%         3
 Inner Flame              Hex/Fire       0%         N/A       83%         3
 Ozocubu's Armour         Ice            0%         N/A       83%         3
 Spider Form              Tmut/Pois      0%         N/A       83%         3
 Summon Guardian Golem    Hex/Summ       0%         N/A       83%         3
 Tukima's Dance           Hex            0%         N/A       83%         3
 Anguish                  Hex/Necr       0%         N/A       99%         4
 Flame Wave               Conj/Fire      0%         2d4       99%         4
 Fulminant Prism          Conj/Hex       0%         3d6       99%         4
 Hailstorm                Conj/Ice       0%         3d3       99%         4
 Ice Form                 Ice/Tmut       0%         N/A       99%         4
 Iskenderun's Mystic Bla  Conj/Tloc      0%         2d3       99%         4
 Passage of Golubria      Tloc           0%         N/A       99%         4
 Summon Ice Beast         Ice/Summ       0%         N/A       99%         4
 Summon Lightning Spire   Summ/Air       0%         N/A       99%         4
 Lee's Rapid Deconstruct  Erth           0%         3d5*      100%        5
 Silence                  Hex/Air        0%         N/A       100%        5
 Summon Forest            Summ/Tloc      0%         N/A       100%        5
 Summon Mana Viper        Hex/Summ       0%         N/A       100%        5
 Conjure Ball Lightning   Conj/Air       0%         3x3d6     100%        6
 Summon Cactus Giant      Summ           0%         N/A       100%        6
 Enfeeble                 Hex            0%         N/A       100%        7
 Haunt                    Necr/Summ      0%         N/A       100%        7
 Ozocubu's Refrigeration  Ice            0%         4d5       100%        7
 Spellforged Servitor     Conj/Summ      0%         N/A       100%        7
 Storm Form               Tmut/Air       0%         N/A       100%        7
 Summon Hydra             Summ           0%         N/A       100%        7
 Discord                  Hex            0%         N/A       100%        8
 Disjunction              Tloc           0%         N/A       100%        8
 Lehudib's Crystal Spear  Conj/Erth      0%         10d2      100%        8
 Maxwell's Capacitive Co  Air            0%         ∞         100%        8


Dungeon Overview and Level Annotations

Branches:
Dungeon (11/15)            Temple (1/1) D:7            Lair (6/6) D:10
 Shoals (1/4) Lair:2        Snake (0/4) Lair:2        Slime (0/5) Lair:5
    Orc (2/2) D:9             Elf (3/3) Orc:2         IceCv (visited)

Altars:
Ashenzari
Cheibriados
Dithmenos
Elyvilon
Fedhas
Gozag
Hepliaklqana
Kikubaaqudgha
Makhleb
Nemelex Xobeh
Okawaru
Qazlal
Ru
Sif Muna
Trog
Uskayaw
Vehumet
Wu Jian
Xom
Yredelemnul
Zin
The Shining One
Lugonu

Shops:
D:4 ?   Orc:2 :[?*   Elf:2 =   Elf:3 *   Shoals:1 *

Portals:
Trove: Elf:1 (give 9 potions of haste)

Annotations:
D:2 1 runed translucent door, Crazy Yiuf
D:3 3 runed translucent doors, oldriver's ghost, amateur PaAK
D:7 1 runed translucent door


Innate Abilities, Weirdness & Mutations

You are small and have problems with some larger weapons.
You are completely attuned to the shadows.


Message History

The merfolk impaler completely misses you.
Unknown command.
You miss the merfolk impaler.
The merfolk impaler is almost dead.
You feel sick.
The manticore flicks its tail.
The volley of spikes hits you!!
The barbed spikes become lodged in your body.
The merfolk impaler completely misses you.
You barely miss the merfolk impaler.
The merfolk impaler is almost dead.
You feel sick.
The merfolk impaler hits you with a +2 demon trident of venom!
* * * LOW HITPOINT WARNING * * *
You are more poisoned.
The manticore flicks its tail.
The volley of spikes misses you.
The merfolk impaler completely misses you.
Unknown command.
You miss the merfolk impaler.
The merfolk impaler is almost dead.
You feel very sick.
The merfolk impaler completely misses you.
You feel better.
The manticore flicks its tail.
The volley of spikes misses you.
The merfolk impaler hits you with a +2 demon trident of venom!
* * * LOW HITPOINT WARNING * * *
You are lethally poisoned!
The manticore flicks its tail.
The volley of spikes hits you!
The barbed spikes become lodged in your body.
* * * LOW HITPOINT WARNING * * *
The merfolk impaler barely misses you.
You feel better.
The merfolk impaler completely misses you.
The manticore flicks its tail.
The volley of spikes misses you. The merfolk impaler misses you.
The merfolk impaler hits you with a +2 demon trident of venom!
You die...

...≈≈≈≈≈≈≈≈≈≈≈≈≈≈≈
≈≈.≈≈≈≈≈≈≈≈≈≈≈≈≈≈≈
≈≈≈≈≈≈≈≈≈≈≈≈≈≈.≈≈.
...≈≈≈≈≈≈≈≈≈≈≈≈≈≈...#
....≈≈≈≈≈≈≈.≈........
.##.≈≈≈≈≈P≈..........
..##..≈≈≈P.........≈≈
####....≈P..[.....≈≈≈
##...P[P≈...?..@.≈≈≈
#..>...≈PP.....m≈H≈≈
##.≈≈..≈P≈P≈≈∩.≈≈≈≈≈≈
..≈≈≈≈≈≈PP≈≈≈≈≈≈†≈≈≈≈
.≈≈≈≈≈≈PPP≈≈≈≈≈≈≈≈≈≈≈
.≈..≈≈≈≈≈≈≈≈≈≈≈≈≈≈≈≈≈
≈≈≈≈≈≈≈≈≈≈≈≈≈≈≈≈≈≈≈≈≈
≈≈≈≈≈≈≈≈≈≈≈≈≈≈≈≈≈≈≈≈
≈≈≈≈≈≈≈≈≈≈≈≈≈≈≈≈≈≈≈≈


You could see a merfolk impaler and a manticore.

Vanquished Creatures
  Jorgrun (Elf:1)
  4 deep elf blademasters
  2 deep elf master archers (Elf:3)
  7 deep elf sorcerers (Elf:3)
  2 deep elf elementalists (Elf:3)
  3 deep elf demonologists
  4 deep elf annihilators (Elf:3)
  7 deep elf death magi (Elf:3)
  A fire dragon (Lair:6)
  Snorg (Lair:5)
  A merfolk impaler (Shoals:1)
  3 deep elf high priests (Elf:3)
  An ice dragon (IceCv)
  6 hydras
  2 two-headed ogres
  22 dancing weapons
  12 death yaks (Lair:5)
  Urug (Lair:5)
  An orc high priest (Elf:3)
  22 deep elf knights
  Sonja (D:10)
  An orb spider (shapeshifter) (Elf:1)
  16 deep elf archers
  A lindwurm (Lair:6)
  A sea snake (Shoals:1)
  3 orc knights (Orc:2)
  Pikel (D:8)
  3 orc sorcerers
  A faun (Shoals:1)
  An ugly thing (D:9)
  34 deep elf pyromancers
  34 deep elf zephyrmancers
  An oklob plant (Lair:5)
  A cyclops (D:10)
  8 elephants (Lair:2)
  5 manticores
  2 merfolk sirens (Shoals:1)
  Joseph (D:8)
  3 molten gargoyles (Lair:6)
  5 black mambas (Lair:6)
  2 ice statues (IceCv)
  A torpor snail (Lair:6)
  12 cane toads
  6 rime drakes
  An unseen horror (D:8)
  A yaktaur (D:10)
  16 komodo dragons
  5 trolls
  A guardian mummy (Elf:1)
  A queen bee (Lair:3)
  4 polar bears
  A merfolk (Shoals:1)
  12 dream sheep
  5 snapping turtles (Shoals:1)
  22 blink frogs
  3 air elementals
  9 wyverns
  A spriggan (Lair:3)
  49 yaks
  5 water elementals
  Eustachio (D:6)
  4 wraiths
  4 fire elementals
  2 steam dragons
  9 basilisks
  A vampire mosquito (D:9)
  A death yak simulacrum (Lair:2)
  3 nagas (Lair:2)
  Duvessa (D:7)
  An acid dragon (D:11)
  14 water moccasins
  4 hell hounds
  36 orc warriors
  2 ice beasts
  A sky beast (D:8)
  A black bear (Lair:3)
  8 ogres
  20 wolves
  A phantom (D:4)
  14 centaurs
  3 lemures (D:8)
  5 kobold brigands
  12 bullfrogs
  4 gnoll sergeants (D:9)
  A necrophage (D:5)
  4 scorpions
  14 wights
  Dowan (D:7)
  3 lindwurm simulacra (IceCv)
  42 killer bees
  8 electric eels
  2 howler monkeys
  7 lava snakes
  9 komodo dragon simulacra (IceCv)
  3 gnoll shamans
  8 jellies
  6 orc priests
  3 hounds (D:5)
  4 iguanas
  13 orc wizards
  6 acid dragon simulacra (IceCv)
  19 gnolls
  9 adders
  A shadow imp (D:6)
  3 white imps
  3 ufetubi
  2 steam dragon simulacra (IceCv)
  3 dart slugs
  32 orcs
  10 ball pythons
  6 bats
  7 endoplasms
  A giant cockroach (D:4)
  5 goblins
  6 hobgoblins
  21 kobolds
  5 quokkas
  4 frilled lizards
  8 rats
814 creatures vanquished.

Vanquished Creatures (others)
  A deep elf knight (Elf:1)
  A deep elf archer (Elf:1)
  30 fungi
  43 plants
75 creatures vanquished.

Grand Total: 889 creatures vanquished

Notes
Turn   | Place    | Note
-------+----------+-------------------------------------------
     0 | D:1      | holysushi the Kobold Monk began the quest for the Orb.
     0 | D:1      | Reached XP level 1. HP: 14/14 MP: 1/1
   117 | D:1      | Reached XP level 2. HP: 19/19 MP: 2/2
   316 | D:1      | Reached XP level 3. HP: 24/24 MP: 3/3
   339 | D:1      | Reached skill level 5 in Short Blades
  1125 | D:2      | Found a runed translucent door.
  1128 | D:2      | Noticed Crazy Yiuf
  1319 | D:2      | Found a faded altar of an unknown god.
  1397 | D:2      | Reached XP level 4. HP: 29/29 MP: 4/4
  2009 | D:3      | Found an ornate altar of the Wu Jian Council.
  2380 | D:3      | You fall into a shaft and drop 1 floor!
  2385 | D:4      | Noticed a scorpion
  2389 | D:4      | Killed a scorpion
  2390 | D:4      | Reached XP level 5. HP: 34/34 MP: 5/5
  2965 | D:3      | Found a runed translucent gate.
  2965 | D:3      | Noticed an ogre
  2993 | D:3      | Reached XP level 6. HP: 21/39 MP: 6/6
  3173 | D:3      | Noticed oldriver's ghost (amateur PaAK)
  3249 | D:3      | Found a runed translucent gate.
  3250 | D:3      | Found a runed translucent gate.
  4316 | D:4      | Reached skill level 5 in Fighting
  4633 | D:4      | Found a glowing golden altar of the Shining One.
  4802 | D:4      | Reached XP level 7. HP: 44/44 MP: 7/7
  5062 | D:4      | Found a bloodstained altar of Trog.
  5081 | D:4      | Found Iseimnoo's Magic Scroll Boutique.
  5084 | D:4      | Bought a scroll of identify for 20 gold pieces
  5084 | D:4      | Bought a scroll of identify for 20 gold pieces
  5084 | D:4      | Bought a scroll of teleportation for 30 gold pieces
  5084 | D:4      | Bought a scroll of immolation for 35 gold pieces
  5084 | D:4      | Bought a scroll of vulnerability for 75 gold pieces
  5130 | D:5      | Entered Level 5 of the Dungeon
  5134 | D:5      | Reached skill level 5 in Dodging
  5513 | D:5      | Reached XP level 8. HP: 51/51 MP: 8/8
  6431 | D:6      | Noticed Eustachio
  6435 | D:6      | Killed Eustachio
  6613 | D:6      | Reached XP level 9. HP: 56/56 MP: 9/9
  7263 | D:7      | Found a sparkling altar of Nemelex Xobeh.
  7394 | D:7      | Found a runed translucent door.
  7656 | D:7      | Reached skill level 10 in Short Blades
  7930 | D:7      | Found a staircase to the Ecumenical Temple.
  8162 | D:7      | Noticed Dowan
  8163 | D:7      | Noticed Duvessa
  8171 | D:7      | Reached skill level 10 in Dodging
  8180 | D:7      | Killed Duvessa
  8182 | D:7      | Killed Dowan
  8640 | Temple   | Entered the Ecumenical Temple
  8688 | Temple   | Became a worshipper of Dithmenos the Shadowed
  8688 | Temple   | Reached * piety under Dithmenos
  8688 | Temple   | Reached ** piety under Dithmenos
  8894 | D:8      | Reached skill level 5 in Stealth
  8894 | D:8      | Reached XP level 10. HP: 58/60 MP: 10/10
  8896 | D:8      | Noticed Pikel
  9353 | D:8      | Noticed Joseph
  9353 | D:8      | Noticed a two-headed ogre
  9503 | D:8      | Killed Pikel
  9566 | D:8      | Noticed a manticore
  9578 | D:8      | Noticed a komodo dragon
  9584 | D:8      | Killed a komodo dragon
  9641 | D:8      | Killed a manticore
  9742 | D:8      | Noticed a deep elf pyromancer
  9755 | D:8      | Killed a deep elf pyromancer
  9756 | D:8      | Reached XP level 11. HP: 71/71 MP: 11/11
 10104 | D:8      | Killed Joseph
 10697 | D:9      | Found a blossoming altar of Fedhas.
 10697 | D:9      | Found an ancient bone altar of Kikubaaqudgha.
 10699 | D:9      | Found a hide-covered altar of Uskayaw.
 10699 | D:9      | Found a snail-covered altar of Cheibriados.
 10704 | D:9      | Found an opulent altar of Gozag.
 10707 | D:9      | Found a shimmering altar of Xom.
 10712 | D:9      | Reached *** piety under Dithmenos
 10873 | D:9      | Noticed a red ugly thing
 10881 | D:9      | Found a shadowy altar of Dithmenos.
 10886 | D:9      | Killed a red ugly thing
 10893 | D:9      | Reached skill level 10 in Fighting
 10983 | D:9      | Identified the +1 scale mail "Tynezuys" {Fly Int+8 Dex-3}
 11109 | D:9      | Found a staircase to the Orcish Mines.
 11986 | D:8      | Killed a two-headed ogre
 11987 | D:8      | Reached XP level 12. HP: 78/78 MP: 12/12
 12049 | D:10     | Entered Level 10 of the Dungeon
 12052 | D:10     | Found a shimmering blue altar of Sif Muna.
 12114 | D:10     | Reached skill level 1 in Evocations
 12194 | D:10     | Reached skill level 1 in Invocations
 12338 | D:10     | Noticed Sonja
 12341 | D:10     | Killed Sonja
 12537 | D:10     | Noticed a two-headed ogre
 12541 | D:10     | Killed a two-headed ogre
 12593 | D:10     | Reached skill level 15 in Dodging
 12730 | D:10     | Found a staircase to the Lair.
 12761 | D:10     | Found a burning altar of Makhleb.
 12865 | D:10     | Found a hazy altar of Hepliaklqana.
 12954 | D:10     | Reached **** piety under Dithmenos
 13374 | Lair:1   | Entered Level 1 of the Lair of Beasts
 14775 | Lair:2   | Found a frozen archway.
 14816 | IceCv    | Entered an ice cave
 16074 | IceCv    | Noticed an ice dragon
 16145 | IceCv    | Reached XP level 13. HP: 84/84 MP: 15/15
 16590 | IceCv    | Killed an ice dragon
 16590 | IceCv    | Reached ***** piety under Dithmenos
 16700 | IceCv    | Identified the amulet "Loawev" {Acrobat rElec Str+2}
 16971 | Lair:2   | Found a staircase to the Snake Pit.
 17059 | Lair:2   | Found a staircase to the Shoals.
 17613 | Lair:2   | Reached skill level 5 in Evocations
 17696 | Lair:2   | Reached skill level 5 in Invocations
 19147 | Lair:3   | Reached skill level 10 in Stealth
 19443 | Lair:4   | Noticed a four-headed hydra
 19457 | Lair:4   | Killed a four-headed hydra
 19474 | Lair:4   | Reached XP level 14. HP: 92/92 MP: 17/17
 19611 | Lair:4   | Reached skill level 15 in Short Blades
 19834 | Lair:4   | Reached ****** piety under Dithmenos
 20848 | Lair:5   | Found a blossoming altar of Fedhas.
 21257 | Lair:5   | Found a staircase to the Slime Pits.
 21313 | Lair:5   | Noticed Urug
 21338 | Lair:5   | Killed Urug
 21485 | Lair:5   | Identified the +4 robe of Amorality {*Slow rC+ Regen+}
 21580 | Lair:5   | Noticed Snorg
 21584 | Lair:5   | Killed Snorg
 22502 | Lair:5   | Found a blossoming altar of Fedhas.
 22753 | Lair:5   | Found a staircase to the Slime Pits.
 22968 | Lair:6   | Entered Level 6 of the Lair of Beasts
 23232 | Lair:6   | Reached XP level 15. HP: 99/99 MP: 18/18
 24107 | Lair:6   | Found a large runed translucent door.
 24108 | Lair:6   | Found a large runed translucent door.
 24520 | Lair:6   | Identified the +4 flail "Dumius" {vorpal, rElec rPois
                  | Will-}
 25187 | Orc:1    | Entered Level 1 of the Orcish Mines
 25423 | Orc:2    | Entered Level 2 of the Orcish Mines
 26101 | Orc:2    | Found Epri's Armour Shoppe.
 26101 | Orc:2    | Found Caosuadgh's Magic Scroll Boutique.
 26101 | Orc:2    | Found Juafah's General Store.
 26102 | Orc:2    | Found Tobuc's Book Emporium.
 26106 | Orc:2    | Bought a +1 helmet of see invisible for 297 gold pieces
 26106 | Orc:2    | Bought a +1 pair of boots of flying for 297 gold pieces
 26129 | Orc:2    | Bought a scroll of blinking for 112 gold pieces
 26129 | Orc:2    | Bought a scroll of blinking for 112 gold pieces
 26129 | Orc:2    | Bought a scroll of brand weapon for 300 gold pieces
 26135 | Orc:2    | Bought a scroll of teleportation for 39 gold pieces
 26135 | Orc:2    | Bought a scroll of fear for 45 gold pieces
 26206 | Orc:2    | Found a staircase to the Elven Halls.
 27052 | Elf:1    | Entered Level 1 of the Elven Halls
 27360 | Elf:1    | Reached XP level 16. HP: 107/107 MP: 19/19
 27972 | Elf:1    | Got Luheus's Incunabulum of the Entourage
 28060 | Elf:1    | Noticed Jorgrun
 28319 | Elf:1    | Reached skill level 15 in Stealth
 28584 | Elf:1    | Reached skill level 15 in Fighting
 28586 | Elf:1    | Paralysed by an air elemental for 1 turns
 28717 | Elf:1    | Killed Jorgrun
 29201 | Elf:1    | Found a portal to a secret trove of treasure.
 29517 | Elf:2    | Found Vius's Jewellery Shoppe.
 29601 | Elf:2    | Found a huge runed translucent gate.
 29601 | Elf:2    | Found a huge runed translucent gate.
 29602 | Elf:2    | Found a huge runed translucent gate.
 29604 | Elf:2    | Found a huge runed translucent gate.
 29604 | Elf:2    | Found a huge runed translucent gate.
 30283 | Elf:2    | Reached XP level 17. HP: 114/114 MP: 20/20
 30771 | Elf:2    | Noticed a deep elf blademaster
 30791 | Elf:2    | Killed a deep elf blademaster
 31623 | Elf:3    | Entered Level 3 of the Elven Halls
 32136 | Elf:3    | Found Aroll's Assorted Antiques.
 32141 | Elf:3    | Bought 2 potions of curing for 156 gold pieces
 32141 | Elf:3    | Bought a scroll of magic mapping for 91 gold pieces
 32141 | Elf:3    | Bought a potion of heal wounds for 130 gold pieces
 33172 | Elf:3    | Found Aroll's Assorted Antiques.
 33541 | Elf:3    | Identified the +9 scimitar "Dainteiv" {freeze, rF+ Will+
                  | Str+3}
 33544 | Elf:3    | Identified the +7 morningstar "Ukhaawep" {freeze, Str+3
                  | SInv}
 33544 | Elf:3    | Identified the ring of Hiwn {Str+6 Dex+2}
 33698 | Elf:3    | Found Aroll's Assorted Antiques.
 33930 | Elf:3    | Identified the +7 trident "Tuneosea" {freeze, Str+5 Stlth-}
 33947 | Elf:3    | Reached XP level 18. HP: 123/123 MP: 7/21
 34415 | Elf:3    | Found Aroll's Assorted Antiques.
 35010 | Elf:3    | Found Aroll's Assorted Antiques.
 36752 | Elf:3    | Noticed a deep elf master archer
 36756 | Elf:3    | Killed a deep elf master archer
 36760 | Elf:3    | Noticed a deep elf blademaster
 36761 | Elf:3    | Noticed a deep elf blademaster
 36763 | Elf:3    | Killed a deep elf blademaster
 36766 | Elf:3    | Killed a deep elf blademaster
 36770 | Elf:3    | Noticed a deep elf blademaster
 36772 | Elf:3    | Killed a deep elf blademaster
 36777 | Elf:3    | Noticed a deep elf master archer
 36797 | Elf:3    | Killed a deep elf master archer
 36805 | Elf:3    | Killed a ghostly deep elf master archer
 37366 | Elf:3    | Bought a wand of flame (14) for 26 gold pieces
 37598 | Shoals:1 | Entered Level 1 of the Shoals
 38437 | Shoals:1 | Found Coasioh's Assorted Antiques.
 38473 | Shoals:1 | HP: 2/124 [manticore/volley of spikes (13)]
 38474 | Shoals:1 | Slain by a merfolk impaler

Illustrated notes

Levels and vault maps discovered:
D:1:      dpeg_arrival_boxorama, layout_rooms
D:2:      layout_basic, ebering_ecumenical_altar_box, uniq_crazy_yiuf_cottage
D:3:      layout_loops_corners, nzn_wu_jian_contemplation,
          gammafunk_ghost_split, hangedman_feature_mirror
D:4:      layout_cave_pools, trog_book, lemuel_doored_altar, serial_shops,
          kennysheep_mini_moat, corexii_corridor_pit,
          minmay_fractal_squares_gapless_5
D:5:      layout_loops_ring
D:6:      layout_gridville, kennysheep_small_spiral, uniq_eustachio
D:7:      layout_basic, nemelex_dance_club_becter, temple_hall,
          ebering_ghost_reflecting_pool, kennysheep_doodads,
          kennysheep_big_empty_room, uniq_duvessa
D:8:      kennysheep_blocky_room, layout_basic, uniq_joseph, uniq_pikel
D:9:      layout_irregular_city, grunt_temple_overflow_open,
          kennysheep_orc_monster_closet_entryway, minmay_ruined_shrine
D:10:     layout_irregular_city, nicolae_sif_muna_condensation,
          nicolae_overflow_crystal_walls, nzn_hepliaklqana_mist_gate,
          david_lair_shrubbed, minmay_sticks_and_stones, uniq_sonja
D:11:     layout_long_grid, serial_shops, nicolae_lakefront_shop, uniq_lodul
Temple:   corrupted_temple
Lair:1:   layout_cellular_growth, nicolae_lair_liquid_snakes
Lair:2:   layout_layer_cave, minmay_shoals_entry_centaurs,
          minmay_snake_entry_guardpost_small,
          portal_ice_cave_entry_ice_simulacra, minivault_25,
          nicolae_lair_grazing_beasts [nicolae_sub_lair_graze_edge,
          nicolae_sub_lair_graze_edge, nicolae_sub_lair_graze_edge,
          nicolae_sub_lair_graze_edge]
Lair:3:   layout_roguey [special_room_bee], forest_entry_grove
Lair:4:   layout_loops_ring
Lair:5:   layout_regular_city, nicolae_slime_entry_slimehenge,
          lemuel_oklob_altar, grunt_megastairs_2, infiniplex_staircase_pool,
          lemuel_fruit_tree, uniq_urug, uniq_snorg
Lair:6:   cheibrodos_lair_end_hotspot, layout_regular_city
Shoals:1: layout_shoals, serial_shops, shop
Orc:1:    layout_caves
Orc:2:    st_orc_rangers, layout_caves
Elf:1:    minmay_elf_arrival_plus, layout_geoelf_diagonals,
          nicolae_trove_entry_path_of_doom, minmay_elf_demonology,
          nicolae_concentric_dashed_squares_mild, uniq_jorgrun
Elf:2:    elven_hall_of_blades_hangedman_alternative [mumra_blade_entry_dagger],
          layout_loops_ring, serial_shops, shop
Elf:3:    minmay_elf_hall_statues, layout_gridlike, serial_shops, shop

Skill      XL: |  1  2  3  4  5  6  7  8  9 10 11 12 13 14 15 16 17 18 |
---------------+-------------------------------------------------------+-----
Short Blades   | 5 6 7 8 9 10 11 13 14 15 | 15.0
Fighting       | 4 5 6 8 9 10 11 12 13 14 15 17 | 17.5
Dodging        | 4 6 8 10 12 14 15 17 19 20 21 | 21.8
Stealth        | 3 4 5 6 8 10 12 14 17 20 21 | 21.6
Evocations     | 4 5 6 8 |  8.3
Invocations    | 3 5 |  5.5

Action                   |  1- 3 |  4- 6 |  7- 9 | 10-12 | 13-15 | 16-18 || total
-------------------------+-------+-------+-------+-------+-------+-------++-------
Melee: Short sword       |    85 |   151 |   228 |   669 |       |       ||  1133
       Punch             |     3 |     1 |       |       |       |       ||     4
       Rapier            |       |       |       |   106 |  1498 |   594 ||  2198
       Dagger            |       |       |       |       |       |   331 ||   331
Invok: Shadow Step       |       |       |       |       |       |     1 ||     1
Evoke: Wand              |       |       |       |    21 |     3 |     7 ||    31
       Piece from Xom's  |       |       |       |       |       |     1 ||     1
  Use: Potion            |       |     1 |       |     2 |     4 |     7 ||    14
       Scroll            |       |       |    12 |     9 |     6 |     7 ||    34
 Stab: Sleeping          |    14 |    15 |    20 |    34 |    74 |    68 ||   225
       Distracted        |       |     1 |     1 |     2 |    12 |     9 ||    25
Armor: Robe              |    15 |     2 |       |       |       |       ||    17
       Leather armour    |       |     3 |    12 |    58 |    16 |    49 ||   138
       Skin              |       |     3 |       |       |       |       ||     3
       Steam dragon scal |       |       |       |     8 |    57 |       ||    65
       Troll leather arm |       |       |       |       |     9 |       ||     9
Dodge: Dodged            |    72 |    79 |   136 |   630 |  1489 |   527 ||  2933

Table legend: (Time is in decaauts)
 A = Elapsed time spent in this place.
 B = Non-inter-level travel time spent in this place.
 C = Inter-level travel time spent in this place.
 D = Time resting spent in this place.
 E = Time spent auto-exploring this place.
 F = Levels seen in this place.
 G = Mean time per level.
                   A        B        C        D        E       F      G
               +--------+--------+--------+--------+--------+-----+--------+
         Total |  38473 |  37026 |   1447 |  11980 |  17684 |  25 | 1538.9 |
       Dungeon |  13612 |  12945 |    667 |   3305 |   7282 |  11 | 1237.5 |
        Temple |     63 |     60 |      3 |      0 |     24 |   1 |   63.0 |
          Lair |   9632 |   9376 |    256 |   2455 |   5240 |   6 | 1605.3 |
        Shoals |    897 |    897 |      0 |    193 |    520 |   1 |  897.0 |
  Orcish Mines |   1974 |   1780 |    194 |    418 |    851 |   2 |  987.0 |
   Elven Halls |  10367 |  10041 |    326 |   4530 |   3657 |   3 | 3455.7 |
      Ice Cave |   1926 |   1926 |      0 |   1077 |    109 |   1 | 1926.0 |
               +--------+--------+--------+--------+--------+-----+--------+

Top non-repeatable levels by time:
   Elf:3: 5600 daAuts
  Lair:5: 2507 daAuts
   Elf:1: 2431 daAuts
   Elf:2: 2335 daAuts
     D:3: 2258 daAuts
   IceCv: 1926 daAuts
     D:7: 1846 daAuts
  Lair:6: 1804 daAuts
  Lair:2: 1741 daAuts
     D:9: 1726 daAuts
     D:8: 1590 daAuts
   Orc:2: 1445 daAuts
  Lair:1: 1379 daAuts
    D:10: 1336 daAuts
     D:4: 1200 daAuts
